 Dungeon Crawl Stone Soup version 0.22-a0-252-gcace5d2 (webtiles) character file.

45618 SpeedyPerson7 the Pandemonic (level 14, -4/129 HPs)
             Began as a Deep Dwarf Fighter on Mar 2, 2018.
             Was a High Priest of Makhleb.
             Succumbed to a naga mage's poison arrow
             ... on level 1 of the Snake Pit.
             The game lasted 00:19:04 (12301 turns).

SpeedyPerson7 the Pandemonic (Deep Dwarf Fighter)  Turns: 12301, Time: 00:19:05

Health: -4/129     AC: 28    Str: 23    XL:     14   Next: 1%
Magic:  7/7        EV:  4    Int: 11    God:    Makhleb [*****.]
Gold:   1193       SH: 14    Dex: 12    Spells: 13/13 levels left

rFire    . . .     SeeInvis .   x - +4 broad axe
rCold    . . .     Gourm    .   N - +2 shield {AC+3}
rNeg     + . .     Faith    .   C - +0 plate armour
rPois    .         Spirit   .   o - +1 helmet
rElec    .         Reflect  .   y - +0 cloak
rCorr    .         Harm     .   (no gloves)
MR       +++..                  q - +1 pair of boots
Stlth    ..........             (no amulet)
HPRegen  0.00/turn              M - ring of protection from magic
MPRegen  0.10/turn              A - +4 ring of protection

@: lethally poisoned (-4 -> -101), non-regenerating, constricted, drained
A: damage resistance, heal wounds, deterioration 1, negative energy resistance
1, sense surroundings 2, no regeneration
a: Heal Wounds, Minor Destruction, Lesser Servant of Makhleb, Major Destruction,
Greater Servant of Makhleb, Renounce Religion


You were on level 1 of the Snake Pit.
You worshipped Makhleb.
Makhleb was extremely pleased with you.
You were not hungry.

You visited 4 branches of the dungeon, and saw 22 of its levels.

You collected 1333 gold pieces.
You spent 140 gold pieces at shops.

Inventory:

Hand Weapons
 a - a +1 war axe
 x - a +4 broad axe (weapon)
Missiles
 E - 2 throwing nets (quivered) {!f}
Armour
 o - a +1 helmet (worn)
 q - a +1 pair of boots (worn)
 y - a +0 cloak (worn)
 C - a +0 plate armour (worn)
 N - a +2 shield of protection (worn)
 U - a +1 chain mail of fire resistance
Jewellery
 j - an uncursed ring of positive energy
 v - an uncursed ring of positive energy
 A - a +4 ring of protection (right hand)
 K - an uncursed ring of ice
 M - a ring of protection from magic (left hand)
 W - an uncursed ring of resist corrosion
 Z - an uncursed ring of see invisible
Wands
 g - a wand of scattershot (4)
 h - a wand of iceblast (16)
 w - a wand of polymorph (13)
 I - a wand of paralysis (20)
 O - a wand of disintegration (14)
 T - a wand of digging (20)
 X - a wand of clouds (7)
Scrolls
 i - 3 scrolls of identify
 m - 8 scrolls of enchant weapon
 r - 8 scrolls of remove curse
 s - 5 scrolls of immolation
 t - 14 scrolls of teleportation
 B - a scroll of amnesia
 F - 3 scrolls of enchant armour
 G - a scroll of holy word
 J - 4 scrolls of fear
 L - a scroll of magic mapping
 Q - a scroll of brand weapon
 S - a scroll of vulnerability {unknown}
Potions
 c - 8 potions of curing
 d - a potion of degeneration {!q}
 f - 5 potions of haste
 k - 2 potions of mutation {!q}
 l - a potion of cancellation
 p - 3 potions of agility
 z - a potion of magic
 D - 2 potions of flight
 H - 2 potions of lignification {!q}
 P - 3 potions of might
 R - a potion of resistance
 V - 2 potions of invisibility
Comestibles
 e - 30 rations


   Skills:
 + Level 9.3 Fighting
 * Level 14.3(14.2) Axes
 + Level 11.0(10.9) Armour
 + Level 2.3(2.2) Dodging
 - Level 10.7(10.6) Shields
 * Level 15.5(15.4) Invocations


You had 13 spell levels left.
You didn't know any spells.

Dungeon Overview and Level Annotations

Branches:
Dungeon (15/15)            Temple (1/1) D:5            Lair (5/6) D:10
 Shoals (0/4) Lair:4        Snake (1/4) Lair:4        Slime (0/5) Lair:5
    Orc (0/2) D:11         Vaults (0/5) D:13         Depths (0/5) D:15

Altars:
Ashenzari
Cheibriados
Dithmenos
Elyvilon
Fedhas
Gozag
Hepliaklqana
Makhleb
Nemelex Xobeh
Okawaru
Qazlal
Ru
Sif Muna
Trog
Uskayaw
Vehumet
Wu Jian
Xom
Yredelemnul
Zin
The Shining One

Shops:
D:7 =   D:14 }   D:15 *

Annotations:
D:7 2 transporters
D:9 exclusion: door
Lair:1 exclusion: 2 oklob plants
Lair:3 exclusion: 3 oklob plants


Innate Abilities, Weirdness & Mutations

You are resistant to damage.
You can heal yourself by infusing magical energy.
You resist negative energy. (rN+)
You passively map the area around you.
You do not regenerate.
Your body sometimes deteriorates upon taking damage.


Message History

Unknown command.
Unknown command.
Your magical essence is drained by the effort!
You feel much better.
* * * LOW HITPOINT WARNING * * *
You feel extremely sick.
The naga mage gestures at you while chanting.
The poison arrow hits you!
You are more poisoned.
You block the naga mage's attack. The naga mage constricts you.
The guardian serpent hits you but does no damage.
You block the shock serpent's attack.
The naga mage points at you and mumbles some strange words.
The poison arrow hits you!
You are more poisoned.
* * * LOW HITPOINT WARNING * * *
The naga mage hits you but does no damage.
The naga mage constricts you.
A demon appears!
You die...

*, * ,, , ,, * , *
* , #... ,,,**, , ,
, ,** ...,, , , *
,.# *#..,,, , ...
#.., , * #. * * *
,,,.... .. ,, ,).#
,.....#.## ... * *,
......SN# *#.. ,, ,
...(..S@#####.# ,,
, ,......2#N#...# ,
, ,.......##....##*
, , , ,
.......##.....##, ,
, *
......##.......#, ,
,
*......##.........#
* ,,,
####...<.........#
, ,, **,
###............ ,,
,##...........


You could see a shock serpent, a guardian serpent, 2 naga magi and a friendly
balrug.

Vanquished Creatures
  A fire dragon (D:15)
  A yaktaur captain (D:12)
  2 hydras
  An ice dragon (D:15)
  A centaur warrior (D:14)
  4 two-headed ogres
  The ghost of Demitroll the Merchant of Misery, a journeyman HuNe of Kikubaaqudgha (D:9)
  An ogre mage (D:12)
  A catoblepas (D:14)
  A tengu warrior (D:15)
  2 wizards (D:12)
  5 unseen horrors
  A harpy (shapeshifter) (D:13)
  A wolf spider zombie (D:10)
  3 manticores
  2 ugly things
  2 cyclopes
  3 black mambas
  A gargoyle (D:12)
  7 spiny frogs
  5 kobold demonologists
  2 komodo dragons
  2 merfolk (Lair:4)
  2 harpy zombies
  2 trolls
  3 meliai (D:14)
  A hornet (D:11)
  Grinder (D:6)
  A hippogriff (shapeshifter) (D:13)
  7 hippogriffs
  A wyvern (D:10)
  A shadow (D:15)
  A basilisk (shapeshifter) (D:13)
  6 wraiths
  20 yaks
  A vampire (D:14)
  3 basilisks
  4 vampire mosquitoes
  4 hungry ghosts
  4 nagas (Lair:4)
  Edmund (D:5)
  Duvessa (D:6)
  5 orc warriors
  2 water moccasins
  4 porcupines
  A black bear (D:7)
  4 sky beasts
  4 ice beasts
  11 ogres
  2 eyes of draining
  A necrophage (D:14)
  6 phantoms
  3 centaurs
  11 crocodiles
  6 big kobolds
  A gnoll sergeant (D:9)
  Dowan (D:6)
  13 bullfrogs
  4 scorpions
  2 wyvern skeletons
  16 killer bees
  3 wights (D:15)
  3 howler monkeys
  2 electric eels (Lair:4)
  4 crimson imps
  A bullfrog zombie (D:7)
  A human zombie (D:9)
  17 jellies
  2 centaur zombies
  4 hounds
  2 bullfrog skeletons
  8 orc priests
  Jessica (D:3)
  5 centaur skeletons
  An iguana (D:6)
  11 worker ants
  12 orc wizards
  A hound zombie (D:11)
  5 gnolls (D:9)
  9 adders
  2 shadow imps
  3 oozes
  3 adder zombies
  A dart slug (D:4)
  4 leopard geckos
  51 orcs
  6 bats
  2 giant cockroaches
  8 goblins
  4 hobgoblins
  7 jackals
  2 quokkas
  2 ball pythons
  2 frilled lizards (D:3)
  A goblin skeleton (D:6)
  2 goblin zombies (D:6)
  2 hobgoblin zombies (D:6)
  A jackal skeleton (D:7)
  32 kobolds
  A kobold skeleton (D:6)
  A leopard gecko skeleton (D:5)
  5 orc skeletons (D:6)
  An orc zombie (D:6)
  6 rats
  4 plants (D:10)
456 creatures vanquished.

Vanquished Creatures (collateral kills)
  Gastronok (Lair:1)
  2 hydras
  4 ugly things
  A cyclops (D:11)
  A hippogriff (Lair:1)
  A wraith (D:11)
  4 yaks (Lair:5)
  A necrophage (D:11)
  A wight (D:15)
  An adder (D:11)
17 creatures vanquished.

Vanquished Creatures (others)
  An orc (D:7)
  3 fungi
  A plant (Lair:4)
5 creatures vanquished.

Grand Total: 478 creatures vanquished

Notes
Turn   | Place    | Note
-------+----------+-------------------------------------------
     0 | D:1      | SpeedyPerson7 the Deep Dwarf Fighter began the quest for the Orb.
     0 | D:1      | Reached XP level 1. HP: 20/20 MP: 1/1
   131 | D:1      | Reached XP level 2. HP: 27/27 MP: 2/2
   254 | D:2      | Reached XP level 3. HP: 29/33 MP: 3/3
   398 | D:3      | Noticed Jessica
   405 | D:3      | Killed Jessica
   405 | D:3      | Reached XP level 4. HP: 26/42 MP: 4/4
   447 | D:3      | Found an opulent altar of Gozag.
   453 | D:3      | Found a faded altar of an unknown god.
   764 | D:4      | Found a hide-covered altar of Uskayaw.
   767 | D:4      | Found a sparkling altar of Nemelex Xobeh.
   770 | D:4      | Found an iron altar of Okawaru.
   839 | D:5      | Entered Level 5 of the Dungeon
   881 | D:5      | Noticed a centaur
   890 | D:5      | Killed a centaur
   890 | D:5      | Reached XP level 5. HP: 25/49 MP: 4/4
   932 | D:5      | Noticed Edmund
   951 | D:5      | Killed Edmund
   951 | D:5      | Reached XP level 6. HP: 42/57 MP: 5/5
  1024 | D:5      | Reached skill level 5 in Axes
  1067 | D:5      | Found a shadowy altar of Dithmenos.
  1136 | D:5      | Found a staircase to the Ecumenical Temple.
  1148 | Temple   | Entered the Ecumenical Temple
  1195 | Temple   | Became a worshipper of Makhleb the Destroyer
  1215 | D:5      | Reached XP level 7. HP: 53/64 MP: 6/6
  1287 | D:5      | Reached skill level 5 in Armour
  1524 | D:5      | Reached skill level 5 in Shields
  1524 | D:5      | Reached skill level 1 in Invocations
  1541 | D:5      | Reached skill level 2 in Invocations
  1818 | D:6      | Found a glowing golden altar of the Shining One.
  1864 | D:6      | Reached skill level 3 in Invocations
  1882 | D:6      | Reached XP level 8. HP: 63/73 MP: 9/9
  1925 | D:6      | Noticed Grinder
  1930 | D:6      | Reached * piety under Makhleb
  1947 | D:6      | Killed Grinder
  1947 | D:6      | Reached skill level 4 in Invocations
  2072 | D:6      | Noticed Duvessa
  2073 | D:6      | Noticed Dowan
  2080 | D:6      | Killed Duvessa
  2082 | D:6      | Killed Dowan
  2104 | D:6      | Reached skill level 5 in Invocations
  2135 | D:7      | Found Keopaont's Jewellery Shoppe.
  2206 | D:7      | Reached skill level 5 in Fighting
  2224 | D:7      | Reached ** piety under Makhleb
  2224 | D:7      | Reached skill level 6 in Invocations
  2225 | D:7      | Gained mutation: You passively map the area around you. [Deep Dwarf growth]
  2225 | D:7      | Reached XP level 9. HP: 54/81 MP: 9/9
  2367 | D:7      | Reached skill level 7 in Invocations
  2394 | D:7      | Found the +5 scythe "Finisher" {speed, Str+3}
  2587 | D:7      | Found a transporter.
  2630 | D:7      | Found a transporter.
  2754 | D:8      | Noticed a two-headed ogre
  2767 | D:8      | Killed a two-headed ogre
  2767 | D:8      | Reached skill level 8 in Invocations
  2767 | D:8      | Reached XP level 10. HP: 37/91 MP: 10/12
  3044 | D:8      | Noticed a two-headed ogre
  3056 | D:8      | Killed a two-headed ogre
  3119 | D:8      | Reached skill level 9 in Invocations
  3140 | D:9      | Noticed Demitroll's ghost (journeyman HuNe)
  3193 | D:9      | Killed Demitroll's ghost
  3437 | D:9      | Reached skill level 10 in Axes
  3439 | D:9      | Reached *** piety under Makhleb
  3501 | D:10     | Entered Level 10 of the Dungeon
  3515 | D:10     | Reached skill level 10 in Invocations
  3541 | D:9      | Found a basalt altar of Yredelemnul.
  4157 | D:10     | Found a staircase to the Lair.
  4223 | D:10     | Reached XP level 11. HP: 83/99 MP: 12/12
  4556 | D:10     | Reached **** piety under Makhleb
  4725 | D:11     | Gained mutation: Your body sometimes deteriorates upon taking damage. [a neqoxec]
  4810 | D:11     | Reached skill level 11 in Invocations
  4847 | D:11     | Found a staircase to the Orcish Mines.
  4949 | D:11     | Noticed a purple ugly thing
  4968 | D:11     | Killed a purple ugly thing
  5718 | Lair:1   | Entered Level 1 of the Lair of Beasts
  5723 | Lair:1   | Noticed an oklob plant
  5723 | Lair:1   | Noticed an oklob plant
  6005 | Lair:1   | Noticed Gastronok
  6029 | Lair:1   | Killed Gastronok
  6029 | Lair:1   | Reached skill level 12 in Invocations
  6286 | Lair:2   | Noticed a seven-headed hydra
  6297 | Lair:2   | Killed a seven-headed hydra
  6750 | Lair:3   | Noticed an oklob plant
  6750 | Lair:3   | Noticed an oklob plant
  6751 | Lair:3   | Noticed an oklob plant
  6784 | Lair:3   | Reached XP level 12. HP: 58/110 MP: 14/14
  6984 | Lair:3   | Noticed a five-headed hydra
  6990 | Lair:3   | Killed a five-headed hydra
  7054 | Lair:3   | Found a labyrinth entrance.
  7437 | Lair:4   | Found a staircase to the Shoals.
  7544 | Lair:4   | Noticed a six-headed hydra
  7553 | Lair:4   | Killed a six-headed hydra
  7750 | Lair:4   | Found a staircase to the Snake Pit.
  7898 | Lair:5   | Found a staircase to the Slime Pits.
  8098 | Lair:5   | Reached skill level 13 in Invocations
  8251 | Lair:5   | Noticed a four-headed hydra
  8260 | Lair:5   | Killed a four-headed hydra
  9092 | D:12     | Noticed an ogre mage
  9103 | D:12     | Killed an ogre mage
  9113 | D:12     | Paralysed by a wizard for 4 turns
  9146 | D:12     | Noticed a yaktaur captain
  9166 | D:12     | Killed a yaktaur captain
  9166 | D:12     | Reached skill level 10 in Armour
  9166 | D:12     | Reached skill level 10 in Shields
  9186 | D:12     | Noticed a storm dragon
  9186 | D:12     | Noticed a six-headed hydra
  9186 | D:12     | Noticed a sphinx
  9416 | D:12     | Reached XP level 13. HP: 51/118 MP: 12/12
  9497 | D:12     | Reached skill level 14 in Invocations
  9848 | D:13     | Found a gate to the Vaults.
  9987 | D:13     | Got a bound glass ring
 10031 | D:13     | Identified the ring "Viakliv" {+Fly Str+4 SInv Stlth-} (You found it on level 13 of the Dungeon)
 10405 | D:14     | Reached ***** piety under Makhleb
 10849 | D:14     | Found Hitz's Gadget Emporium.
 10972 | D:14     | Reached skill level 15 in Invocations
 11174 | D:15     | Entered Level 15 of the Dungeon
 11208 | D:15     | Found a burning altar of Makhleb.
 11290 | D:15     | Found Ytwaby's General Store.
 11317 | D:15     | Bought a potion of haste for 140 gold pieces
 11358 | D:15     | Reached skill level 1 in Dodging
 11501 | D:15     | Noticed a fire dragon
 11515 | D:15     | Killed a fire dragon
 11537 | D:15     | Found a staircase to the Depths.
 12117 | D:12     | Gained mutation: You resist negative energy. (rN+) [Deep Dwarf growth]
 12117 | D:12     | Reached XP level 14. HP: 95/129 MP: 8/8
 12279 | Snake:1  | Entered Level 1 of the Snake Pit
 12297 | Snake:1  | HP: 4/129 [naga mage/bolt of poison (19)]
 12301 | Snake:1  | Succumbed to a naga mage's poison arrow

Vault maps used:
D:1:      dpeg_arrival_chase, serial_bayou_ford_a
D:2:      kennysheep_generic_room_7
D:3:      grunt_gozag_statues, chequers_ecumenical_altar_simple,
          serial_aquarium, aquarium_bridge_square, aquarium_bridge_square,
          aquarium_window_2, aquarium_window_fake, aquarium_window_1,
          aquarium_window_double, aquarium_view_2c, aquarium_view_2c,
          uniq_jessica
D:4:      kennysheep_six_static_rooms, lemuel_zombie_altar_kikubaaqudgha,
          grunt_temple_overflow_diamond
D:5:      minmay_temple_entry_overgrown, first_ration, grunt_dithmenos_shadows,
          uniq_edmund
D:6:      lemuel_upstairs_altar, nicolae_tso_besieged_by_evil, uniq_grinder,
          uniq_duvessa
D:7:      gammafunk_steamed_eel, serial_shops, nicolae_shop_crystal,
          minmay_guarded_unrand_finisher
D:9:      lemuel_mausoleum_altar_yredelemnul
D:10:     dpeg_oklobed_lair, serial_glass, glass_columns_a, glass_columns_b,
          grunt_ogre_cave
D:11:     hiddenorc1_lemuel
D:12:     minmay_octo_star
D:13:     lemuel_ogre_cave, david_vaults_2
D:14:     minmay_tree_intersection, serial_shops, shop
D:15:     grunt_enter_depths_hoard, basic_altar, serial_shops, shop,
          serial_bayou_pond_d
Temple:   eino_wide_crystal_templ
Lair:1:   minmay_lair_oklob_chamber, lemuel_fruit_fields, lemuel_fruit_tree,
          lemuel_fruit_fields, uniq_gastronok
Lair:2:   serial_bayou_shore_a
Lair:3:   lab_entry_generic, disabler_island, grunt_megastairs_4
Lair:4:   elwin_shoals_entry_rooms, guppyfry_snake_entry_island
Lair:5:   minmay_slime_entry_jelly_boxes, st_stairs_9, lemuel_fruit_fields,
          infiniplex_staircase_pool_2
Snake:1:  serial_shops, shop, grunt_megastairs_3

Skill      XL: |  1  2  3  4  5  6  7  8  9 10 11 12 13 |
---------------+----------------------------------------+-----
Axes           | 3 4 5 6 7 9 10 11 13 14 | 14.3
Fighting       | 3 4 5 6 7 8 9 |  9.3
Armour         | 4 5 6 7 8 9 10 11 | 11.0
Shields        | 4 5 6 7 8 9 10 | 10.7
Invocations    | 3 6 8 10 12 13 15 | 15.5
Dodging        | 2 |  2.3

Action                   |  1- 3 |  4- 6 |  7- 9 | 10-12 | 13-15 || total
-------------------------+-------+-------+-------+-------+-------++-------
Melee: War axe           |    93 |   115 |   375 |  1149 |   372 ||  2104
       Broad axe         |       |       |       |       |   199 ||   199
Invok: Lesser Servant of |       |       |       |    19 |     2 ||    21
       Greater Servant o |       |       |       |       |     1 ||     1
 Abil: Heal Wounds       |     1 |     3 |    19 |    31 |    27 ||    81
Evoke: Wand              |       |       |       |     3 |     1 ||     4
  Use: Potion            |       |       |     4 |       |     1 ||     5
       Scroll            |       |       |     1 |    22 |     1 ||    24
 Stab: Distracted        |       |       |       |     3 |     1 ||     4
  Eat: Chunk             |       |     2 |     6 |    24 |    10 ||    42
       Ration            |       |       |       |     1 |     4 ||     5
Armor: Scale mail        |    57 |    52 |    60 |       |       ||   169
       Chain mail        |       |       |   193 |   135 |       ||   328
       Plate armour      |       |       |       |   577 |   593 ||  1170
Dodge: Dodged            |    29 |    40 |   173 |   215 |   132 ||   589
Block: Shield            |    71 |    49 |   257 |   728 |   410 ||  1515

Table legend:
 A = Spawn XP
 B = Non-spawn XP
 C = Spawn XP percentage of total XP
 D = Spawn monster count
 E = Non-spawn monster count
 F = Spawn count percentage of total count
 G = Total turns spent on level
                    A         B        C        D         E        F      G
               +---------+---------+-------+---------+---------+-------+---------
         Total |       0 |   65169 |   0.0 |       0 |     469 |   0.0 | 12301
               +---------+---------+-------+---------+---------+-------+---------
           D:1 |       0 |      17 |   0.0 |       0 |       7 |   0.0 |   185
           D:2 |       0 |      44 |   0.0 |       0 |      20 |   0.0 |   251
           D:3 |       0 |      78 |   0.0 |       0 |      21 |   0.0 |   185
           D:4 |       0 |      50 |   0.0 |       0 |       7 |   0.0 |   218
           D:5 |       0 |     952 |   0.0 |       0 |      16 |   0.0 |   871
           D:6 |       0 |    1008 |   0.0 |       0 |      35 |   0.0 |   342
           D:7 |       0 |    2271 |   0.0 |       0 |      34 |   0.0 |   572
           D:8 |       0 |    2250 |   0.0 |       0 |      12 |   0.0 |   453
           D:9 |       0 |    2579 |   0.0 |       0 |      35 |   0.0 |   811
          D:10 |       0 |    3069 |   0.0 |       0 |      32 |   0.0 |   791
          D:11 |       0 |    3346 |   0.0 |       0 |      50 |   0.0 |  1048
          D:12 |       0 |    8971 |   0.0 |       0 |      25 |   0.0 |   832
          D:13 |       0 |    5696 |   0.0 |       0 |      24 |   0.0 |   555
          D:14 |       0 |    8885 |   0.0 |       0 |      39 |   0.0 |   932
          D:15 |       0 |    8909 |   0.0 |       0 |      30 |   0.0 |   863
        Lair:1 |       0 |    4499 |   0.0 |       0 |      14 |   0.0 |   614
        Lair:2 |       0 |    1491 |   0.0 |       0 |       5 |   0.0 |   499
        Lair:3 |       0 |    1385 |   0.0 |       0 |       6 |   0.0 |   681
        Lair:4 |       0 |    4887 |   0.0 |       0 |      22 |   0.0 |   736
        Lair:5 |       0 |    4782 |   0.0 |       0 |      35 |   0.0 |   777
               +---------+---------+-------+---------+---------+-------+---------
